[Event "Team 45 45 League T33"]
[Site "Internet Chess Club"]
[Date "2007.05.31"]
[Round "6"]
[White "Theodulf"]
[Black "GolferBob"]
[Result "1/2-1/2"]
[WhiteElo "1728"]
[BlackElo "1689"]
[ECO "B22"]
[TimeControl "2700+45"]

1. e4 c5 2. c3 Nf6 3. e5 Nd5 4. Nf3 Nc6 5. Bc4 e6 6. Bxd5 exd5 7. d4 d6 8. Bg5
Be7 9. Qd2 h6 10. Bxe7 Qxe7 11. O-O Be6 12. Re1 O-O 13. exd6 Qxd6 14. dxc5 Qxc5
15. Na3 Rad8 16. Nc2 Qd6 17. Ncd4 a6 18. Re3 Bg4 19. Rae1 Bd7 20. Qd3 Qb8 21.
Nxc6 bxc6 22. b4 Qc8 23. Ne5 Bf5 24. Qd4 f6 25. Nd3 Bxd3 26. Qxd3 Rfe8 27. Kf1
Rxe3 28. Qxe3 Qc7 29. g3 Kf8 30. Qc5+ Kg8 31. Re7 Rd7 32. Re8+ Kh7 33. Qe3 Rf7
34. Qd3+ g6 35. Qxa6 Qd7 36. Qc8 Qxc8 37. Rxc8 Ra7 38. Rxc6 Rxa2 39. Rxf6 Rc2
40. Rf3 Kg7 41. Ke1 Ra2 42. h4 g5 43. hxg5 hxg5 44. Rd3 Rc2 45. f3 Kf6 46. Kd1
Rg2 47. g4 Ke5 48. Rd2 Rg1+ 49. Kc2 Rf1 50. Rd3 Rf2+ 51. Kb3 Rf1 52. b5 Rc1 53.
Kb4 Kd6 54. Kb3 Kc5 55. Kb2 Re1 56. Kc2 Re2+ 57. Kd1 Rb2 58. b6 Rxb6 59. Rd4 Rb2
60. f4 gxf4 61. Rxf4 Rg2 62. Rd4 Rh2 63. Kc1 {Game drawn by mutual agreement}
1/2-1/2

[Event "Team 45 45 League T33"]
[Site "Internet Chess Club"]
[Date "2007.05.29"]
[Round "6"]
[White "Mikey29a"]
[Black "OldBoy"]
[Result "1-0"]
[WhiteElo "1646"]
[BlackElo "1523"]
[ECO "C62"]
[TimeControl "2700+45"]

1. e4 e5 2. Nf3 Nc6 3. Bb5 d6 4. O-O Bd7 5. Nc3 Nf6 6. d3 Be7 7. h3 a6 8. Bxc6
Bxc6 9. Ne2 O-O 10. Ng3 Nd7 11. Nf5 Bf6 12. g4 d5 13. Re1 dxe4 14. dxe4 Nc5 15.
Qxd8 Raxd8 16. Ng3 g6 17. b4 Ne6 18. Bb2 Nd4 19. Nxd4 exd4 20. f4 Ba4 21. e5 Be7
22. Rac1 Bxb4 23. Red1 Bc5 24. Ne4 Ba7 25. Kh2 Bc6 26. Nf6+ Kg7 27. Ba3 Rh8 28.
Be7 Rb8 29. c3 Ba4 30. Rd3 c5 31. cxd4 cxd4 32. Ne4 Rhe8 33. Bf6+ Kg8 34. Nd6
Bb5 35. Rc7 Bxd3 36. Nxf7 Kf8 37. Nh6 Re6 38. Rxh7 Ke8 39. f5 gxf5 40. gxf5 Rc8
41. Rh8+ Kd7 42. fxe6+ Kc7 43. Rxc8+ Kxc8 44. e7 Bb5 45. Nf5 Bc5 46. Nd6+ Bxd6
47. exd6 d3 48. Bc3 Kd7 49. h4 b6 50. h5 Kxd6 51. h6 Kxe7 52. h7 {Black resigns}
1-0

[Event "Team 45 45 League T33"]
[Site "Internet Chess Club"]
[Date "2007.05.25"]
[Round "6"]
[White "Invicta-Knight"]
[Black "Hastings"]
[Result "1-0"]
[WhiteElo "1537"]
[BlackElo "1286"]
[ECO "C37"]
[TimeControl "2700+45"]

1. e4 e5 2. f4 exf4 3. Nf3 g5 4. Bc4 g4 5. Bxf7+ Kxf7 6. Ne5+ Ke6 7. Qxg4+ Kxe5
8. Qf5+ Kd6 9. d4 Bg7 10. Bxf4+ Ke7 11. Bg5+ Bf6 12. e5 Bxg5 13. Qxg5+ Ke8 14.
Qh5+ Ke7 15. O-O Qe8 16. Qg5+ Ke6 17. Rf6+ Nxf6 18. Qxf6+ Kd5 19. Nc3+ Kxd4 20.
Rd1+ Kc5 21. Rd5+ Kc4 22. Qf4# {Black checkmated} 1-0

[Event "Team 45 45 League T33"]
[Site "Internet Chess Club"]
[Date "2007.05.24"]
[Round "6"]
[White "clarnibass"]
[Black "twinders"]
[Result "1-0"]
[WhiteElo "1749"]
[BlackElo "1637"]
[ECO "B53"]
[TimeControl "2700+45"]

1. e4 c5 2. Nf3 d6 3. d4 cxd4 4. Qxd4 Nf6 5. e5 Nc6 6. Bb5 Qa5+ 7. Nc3 Nd7 8.
Bxc6 bxc6 9. exd6 e6 10. O-O Qb6 11. Qxb6 axb6 12. Bf4 Nf6 13. Rfe1 Nd5 14. Nxd5
cxd5 15. a3 Bb7 16. Rad1 Rd8 17. Be3 Rxd6 18. Rd3 Be7 19. Rb3 Bd8 20. Bf4 Rc6
21. c3 O-O 22. Ne5 Rc8 23. Nd7 Re8 24. Nxb6 Bxb6 25. Rxb6 Ba8 26. f3 Rc4 27. Bd6
d4 28. cxd4 Rxd4 29. Be5 Ra4 30. Rd1 Bd5 31. Kf2 h6 32. Rd2 Rc8 33. Bc3 Kh7 34.
h3 h5 35. Rb4 Rxa3 36. bxa3 Rxc3 37. a4 Ra3 38. Rdd4 f5 39. h4 Kg6 40. Kg3 Kf6
41. Rb6 Ke5 42. Rdb4 Kf6 43. R6b5 g5 44. hxg5+ Kxg5 45. a5 Ra2 46. Rb2 Ra3 47.
Rc2 Be4 48. Rcc5 Bd5 49. Rb6 f4+ 50. Kh2 Ra2 51. Rxe6 {Black resigns} 1-0

[Event "Team 45 45 League T33"]
[Site "Internet Chess Club"]
[Date "2007.06.03"]
[Round "6"]
[White "GolfSuper"]
[Black "Pierrekurdy"]
[Result "1-0"]
[WhiteElo "1662"]
[BlackElo "1617"]
[ECO "B73"]
[TimeControl "2700+45"]

1. e4 d6 2. d4 Nf6 3. Nc3 g6 4. Nf3 Bg7 5. Be2 c5 6. O-O cxd4 7. Nxd4 O-O 8. Be3
Nc6 9. Qd2 Nxd4 10. Bxd4 e5 11. Be3 Bg4 12. f3 Be6 13. Rfd1 Qa5 14. Qxd6 Rfd8
15. Qc5 Qxc5 16. Bxc5 Bh6 17. Rxd8+ Rxd8 18. Be7 Rd2 19. Bxf6 Rxc2 20. Rd1 Bd2
21. Nb1 Be3+ 22. Kf1 Bd4 23. f4 Rxe2 24. Kxe2 Bg4+ 25. Ke1 Bxd1 26. Kxd1 Bg1 27.
Bxe5 Bxh2 28. Ke2 g5 29. Kf3 h5 30. g3 gxf4 31. Bxf4 Bg1 32. Be3 Bxe3 33. Kxe3
Kg7 34. Kf4 Kg6 35. Nc3 Kf6 36. Nb5 a6 37. Nd6 b5 38. b4 Ke7 39. Ke5 f6+ 40. Kd5
Kf8 41. Kc6 Ke7 42. Nf5+ Ke6 43. Ng7+ Ke5 44. Nxh5 Kxe4 45. Nxf6+ Kf5 46. Nd7
Kg4 47. Nb8 Kxg3 48. Nxa6 Kf4 49. Kxb5 Ke5 50. Kc5 Ke6 51. Kc6 Ke7 52. Kc7 Ke6
53. b5 Kd5 54. b6 Kc4 55. b7 Kb5 56. b8=Q+ Kxa6 57. Qb6# {Black checkmated} 1-0

[Event "Team 45 45 League T33"]
[Site "Internet Chess Club"]
[Date "2007.05.27"]
[Round "6"]
[White "Lyko"]
[Black "strudel"]
[Result "0-1"]
[WhiteElo "1440"]
[BlackElo "1421"]
[ECO "A45"]
[TimeControl "2700+45"]

1. d4 Nf6 2. e3 e6 3. Bd3 b6 4. f4 Bb7 5. Nf3 Be7 6. O-O O-O 7. c3 c5 8. Nbd2 d5
9. e4 dxe4 10. Nxe4 Nxe4 11. Ne5 f5 12. Bc4 Bd5 13. Bb5 a6 14. Ba4 b5 15. Bc2 c4
16. Qe1 Nd7 17. Rf3 Nxe5 18. fxe5 Bg5 19. Rh3 Ra7 20. Qe2 Bxc1 21. Rxc1 Qg5 22.
Rd1 g6 23. Bxe4 fxe4 24. Rg3 Qh6 25. Rf1 Raf7 26. Rxf7 Rxf7 27. h3 Rc7 28. Kh2
a5 29. Qg4 Kg7 30. h4 Kf8 31. Rh3 Qd2 32. h5 g5 33. h6 Qf4+ 34. Qxf4+ gxf4 35.
Kg1 f3 36. gxf3 exf3 37. Kf2 b4 38. Rh4 Ke7 39. Rg4 Kf8 40. Rf4+ Rf7 41. Rg4
bxc3 42. bxc3 Rb7 43. Rf4+ Ke7 44. Rg4 Rb2+ 45. Kf1 Rg2 46. Rf4 Rxa2 47. Rg4 Rg2
48. Rf4 Rh2 49. Kg1 Rxh6 {White resigns} 0-1

[Event "Team 45 45 League T33"]
[Site "Internet Chess Club"]
[Date "2007.05.27"]
[Round "6"]
[White "quotha"]
[Black "AlterEgo"]
[Result "1-0"]
[WhiteElo "1595"]
[BlackElo "1593"]
[ECO "D02"]
[TimeControl "2700+45"]

1. d4 d5 2. Nf3 Nf6 3. Bf4 e6 4. h3 Nbd7 5. e3 Nb6 6. Bd3 Be7 7. O-O O-O 8. b3
Bd7 9. Nbd2 c5 10. c4 cxd4 11. exd4 dxc4 12. bxc4 Rc8 13. a4 a5 14. c5 Nbd5 15.
Bh2 Nb4 16. Nc4 Nxd3 17. Qxd3 Nd5 18. Bd6 Nb4 19. Qd2 Nc6 20. Bxe7 Qxe7 21. Nxa5
Nxa5 22. Qxa5 Ra8 23. Qc7 Rab8 24. Ne5 {Black resigns} 1-0

[Event "Team 45 45 League T33"]
[Site "Internet Chess Club"]
[Date "2007.05.25"]
[Round "6"]
[White "Lionskins"]
[Black "pelayo"]
[Result "0-1"]
[WhiteElo "1517"]
[BlackElo "1578"]
[ECO "A00"]
[TimeControl "2700+45"]

1. b4 b5 2. e3 a6 3. Bb2 Bb7 4. Nf3 Nf6 5. c4 Nc6 6. a3 bxc4 7. Bxc4 d5 8. Bf1
e6 9. h3 Be7 10. Rg1 Na7 11. Qb3 Rb8 12. g4 O-O 13. h4 c5 14. g5 Ne4 15. Bh3 c4
16. Qc2 Nb5 17. Nc3 Nbxc3 18. Bxc3 Nxc3 19. Qxc3 Qd6 20. h5 f6 21. Nd4 Bc8 22.
Nf3 fxg5 23. Nxg5 Bf6 24. Qc2 Bxg5 25. Rxg5 Qh2 26. Bg2 Qg1+ {White resigns} 0-1

[Event "Team 45 45 League T33"]
[Site "Internet Chess Club"]
[Date "2007.05.23"]
[Round "6"]
[White "geewhiz"]
[Black "chaos-emporor"]
[Result "0-1"]
[WhiteElo "1587"]
[BlackElo "1678"]
[ECO "C01"]
[TimeControl "2700+45"]

1. e4 e6 2. d4 d5 3. exd5 exd5 4. Nf3 Nf6 5. Nc3 Bd6 6. Bg5 Be6 7. Bd3 Nbd7 8.
O-O c6 9. Re1 O-O 10. Ne5 Qc7 11. Nxd7 Bxh2+ 12. Kh1 Nxd7 13. Bxh7+ Kxh7 14.
Qh5+ Kg8 15. Qxh2 Qxh2+ 16. Kxh2 Rae8 17. Re3 Bf5 18. Be7 Bxc2 19. Bxf8 Rxe3 20.
fxe3 Kxf8 21. Rc1 Bg6 22. Na4 Ke7 23. Nc5 Nxc5 24. dxc5 Ke6 25. Kg3 Ke5 26. Kf2
Be4 27. a4 f5 28. g3 g5 29. b4 a6 30. a5 d4 31. exd4+ Kxd4 32. Rd1+ Kc4 33. Rd7
Kxb4 34. Rxb7+ Kxc5 35. Rb6 Bd3 36. Kf3 Kd5 37. g4 fxg4+ 38. Kxg4 Bb5 39. Kxg5
Kc4 40. Kf4 Kb4 41. Ke3 Kxa5 42. Rb8 Kb4 43. Kd2 a5 44. Kc1 c5 45. Kb1 c4 46.
Ka1 a4 47. Rh8 Kb3 48. Rh3+ c3 49. Rh5 Bd3 50. Rh4 c2 51. Rh1 Be2 52. Rc1 Bd3
53. Rxc2 Kxc2 54. Ka2 Kc1 55. Ka1 Kc2 56. Ka2 Bc4+ 57. Ka3 Bb3 {White resigns}
0-1

[Event "Team 45 45 League T33"]
[Site "Internet Chess Club"]
[Date "2007.05.29"]
[Round "6"]
[White "nanning"]
[Black "alaskauk"]
[Result "1/2-1/2"]
[WhiteElo "1492"]
[BlackElo "1483"]
[ECO "B15"]
[TimeControl "2700+45"]

1. e4 c6 2. d4 d5 3. Nc3 dxe4 4. Nxe4 Nf6 5. Nxf6+ exf6 6. Bc4 Bf5 7. Bf4 Bd6 8.
Qe2+ Be7 9. O-O-O O-O 10. g4 Bd7 11. h4 b5 12. Bb3 Re8 13. f3 Bd6 14. Qd2 Bxf4
15. Qxf4 Be6 16. Nh3 Bxb3 17. cxb3 a5 18. g5 Re6 19. Rhe1 Rxe1 20. Rxe1 Nd7 21.
Qd6 Nf8 22. Qxd8 Rxd8 23. gxf6 Rxd4 24. fxg7 Ne6 25. Re4 Rxe4 26. fxe4 Nc5 27.
Nf2 Kxg7 28. Kd2 Kh6 29. Ke3 Ne6 30. Ng4+ {Game drawn by mutual agreement}
1/2-1/2

[Event "Team 45 45 League T33"]
[Site "Internet Chess Club"]
[Date "2007.05.25"]
[Round "6"]
[White "Avedldesierto"]
[Black "tryanything"]
[Result "1-0"]
[WhiteElo "1717"]
[BlackElo "1636"]
[ECO "B34"]
[TimeControl "2700+45"]

1. e4 c5 2. Nf3 Nc6 3. d4 cxd4 4. Nxd4 g6 5. Be3 Bg7 6. c3 d6 7. Bb5 Bd7 8. O-O
Nf6 9. Nxc6 bxc6 10. Bd3 O-O 11. Nd2 e5 12. h3 Ne8 13. Bc4 Nc7 14. Nb3 Be6 15.
Qe2 a5 16. Bb6 a4 17. Nd2 Qe7 18. Bxc7 Qxc7 19. b4 axb3 20. Bxb3 Bxb3 21. axb3
Ra7 22. Ra4 Rfa8 23. Rfa1 Rxa4 24. Rxa4 Rxa4 25. bxa4 Qa5 26. Qc4 c5 27. Nb3 Qa8
28. a5 Bf6 29. Qd5 Qa6 30. c4 Bd8 31. Nxc5 Qxa5 32. Qxd6 Qa1+ 33. Kh2 Qd4 34.
Qxd4 exd4 35. Nd3 Kf8 36. g4 f6 37. f4 Kf7 38. Kg2 Be7 39. Kf3 Ke6 40. f5+ gxf5
41. exf5+ Kd6 42. Ke4 {Black resigns} 1-0

[Event "Team 45 45 League T33"]
[Site "Internet Chess Club"]
[Date "2007.05.27"]
[Round "6"]
[White "FiendAngelical"]
[Black "isolani"]
[Result "1-0"]
[WhiteElo "1777"]
[BlackElo "1651"]
[ECO "A77"]
[TimeControl "2700+45"]

1. d4 Nf6 2. c4 c5 3. d5 e6 4. Nc3 exd5 5. cxd5 d6 6. Nf3 g6 7. e4 Bg7 8. Be2
O-O 9. O-O Re8 10. Nd2 a6 11. a4 Nfd7 12. Qc2 Ne5 13. h3 Qh4 14. Nf3 Nxf3+ 15.
Bxf3 Nd7 16. Ra3 Ne5 17. Be2 g5 18. Bxg5 Qxg5 19. f4 Qh4 20. fxe5 Bxe5 21. Nd1
Bd4+ 22. Kh1 Qxe4 23. Qxe4 Rxe4 24. Rg3+ Bg7 25. Bh5 Re7 26. Rf6 Kf8 27. Rf1 Bd7
28. Rgf3 Be8 29. Ne3 f6 30. Bxe8 Raxe8 31. Nf5 Re1 32. Nxd6 Rxf1+ 33. Rxf1 Rd8
34. Nxb7 Rxd5 35. Rc1 Rd7 36. Nxc5 Rd6 37. b4 Kf7 38. b5 axb5 39. axb5 Bh6 40.
Rb1 Be3 41. Ne4 Rb6 42. Nc3 Rd6 43. g4 Bb6 44. Na4 Ke6 45. Nc3 Rd3 46. Re1+ Kf7
47. Na4 Ba5 48. Rb1 Rxh3+ 49. Kg2 Ra3 50. Nc5 Bb6 51. Nd7 Bc7 52. b6 Bd6 53. b7
Rg3+ 54. Kf2 Rxg4 55. Rb6 Ke7 56. Rxd6 Kxd6 57. b8=Q+ Kxd7 58. Qb7+ {Black
resigns} 1-0

[Event "Team 45 45 League T33"]
[Site "Internet Chess Club"]
[Date "2007.06.02"]
[Round "6"]
[White "peterdiplaros"]
[Black "Lazerpawn"]
[Result "0-1"]
[WhiteElo "1616"]
[BlackElo "1671"]
[ECO "D00"]
[TimeControl "2700+45"]

1. d4 d5 2. e3 Nf6 3. Bd3 g6 4. Nd2 Bg7 5. f4 Bg4 6. Ngf3 Nbd7 7. h3 Bxf3 8.
Qxf3 c6 9. g4 Qc7 10. b3 O-O-O 11. f5 e5 12. fxe6 fxe6 13. Ba3 e5 14. e4 exd4
15. O-O-O Ne5 16. Qe2 Rhe8 17. Nf3 Nxf3 18. Qxf3 dxe4 19. Bxe4 Nxe4 20. Rd3 Nc3
21. Kb2 Qe5 22. Qf7 Rd7 23. Qc4 Qd5 24. Qxd5 Rxd5 25. h4 b6 26. Rf1 Rd7 27. Ka1
Re2 28. Kb2 c5 29. h5 g5 30. Rf5 h6 31. b4 c4 32. Rdf3 d3 {White resigns} 0-1

[Event "Team 45 45 League T33"]
[Site "Internet Chess Club"]
[Date "2007.05.26"]
[Round "6"]
[White "Chessadelic"]
[Black "Morpheous"]
[Result "0-1"]
[WhiteElo "1401"]
[BlackElo "1719"]
[ECO "A02"]
[TimeControl "2700+45"]

1. f4 e5 2. fxe5 d6 3. Nf3 dxe5 4. Nxe5 Bd6 5. Nf3 g5 6. g3 g4 7. Nh4 Be7 8. Ng2
Nc6 9. Nf4 Bf5 10. Bg2 Nf6 11. Nc3 Qd6 12. e4 Qe5 13. d3 O-O-O 14. O-O Bc5+ 15.
Kh1 Bd7 16. Nfd5 Nh5 17. Be3 Bd4 18. Ne2 Bxe3 19. Nxe3 Qxb2 20. Rb1 Qxa2 21. d4
Qa3 22. c3 Qa6 23. Ra1 Qb5 24. c4 Qb4 25. Qc2 Qd6 26. d5 Nb4 27. Qc3 Na6 28. e5
Qb4 29. Qxb4 Nxb4 30. Rxa7 Kb8 31. Ra5 Rhe8 32. e6 fxe6 33. d6 Ng7 34. dxc7+
Kxc7 35. Rb1 Nc6 36. Rg5 Nf5 37. Nxg4 Rg8 38. Rxg8 Rxg8 39. Nf6 Rg7 40. Be4 Nd6
41. Bxh7 Nxc4 42. Rc1 N6e5 43. Nxd7 Rxd7 44. Bg8 Rd2 45. Bxe6 b5 46. Nc3 Nf3 47.
Nxb5+ Kb6 48. Bxc4 Rxh2# {White checkmated} 0-1

[Event "Team 45 45 League T33"]
[Site "Internet Chess Club"]
[Date "2007.05.28"]
[Round "6"]
[White "valipop"]
[Black "Ozgur-Bjk"]
[Result "1-0"]
[WhiteElo "2064"]
[BlackElo "2127"]
[ECO "B22"]
[TimeControl "2700+45"]

1. e4 c5 2. c3 Nf6 3. e5 Nd5 4. Nf3 Nc6 5. d4 cxd4 6. cxd4 e6 7. Bc4 d6 8. Bxd5
exd5 9. Qa4 dxe5 10. dxe5 Be6 11. O-O Be7 12. b3 O-O 13. Bb2 a6 14. Nc3 Nb4 15.
a3 Bd7 16. Qxb4 Bxb4 17. axb4 Bg4 18. Nd4 Qg5 19. f4 Qd8 20. h3 Bc8 21. Ra5 Be6
22. f5 b6 23. Raa1 Bc8 24. Rad1 Bb7 25. Rde1 Qe7 26. Na4 Qxb4 27. Bc3 Qe7 28.
Nxb6 Qc5 29. Na4 Qe7 30. f6 Qd7 31. Nf5 gxf6 32. Nh6+ Kh8 33. Rxf6 d4 34. Rd6
Qe7 35. Bxd4 Qg5 36. g4 Qh4 37. Re3 Rac8 38. Nc5 Ba8 39. e6+ f6 40. Nf5 Qg5 41.
e7 {Black resigns} 1-0

[Event "Team 45 45 League T33"]
[Site "Internet Chess Club"]
[Date "2007.05.25"]
[Round "6"]
[White "Ser-Enigma"]
[Black "Terte"]
[Result "1-0"]
[WhiteElo "2104"]
[BlackElo "1969"]
[ECO "B35"]
[TimeControl "2700+45"]

1. e4 c5 2. Nf3 Nc6 3. d4 cxd4 4. Nxd4 Nf6 5. Nc3 g6 6. Be3 Bg7 7. Bc4 O-O 8.
Bb3 a5 9. O-O a4 10. Nxa4 Nxe4 11. Nb5 d6 12. c3 Ra6 13. Qe2 Bd7 14. c4 Ne5 15.
Bb6 Rxb6 16. Nxb6 Qxb6 17. Qxe4 Bc6 18. Qc2 h5 19. a4 h4 20. h3 Qc5 21. Rfe1
Nf3+ 22. gxf3 Qg5+ 23. Kf1 Bxf3 24. Re3 Qg2+ 25. Ke1 Bh6 26. Rxf3 Qxf3 27. Rd1
Qxh3 28. c5 Qh1+ 29. Ke2 Qg2 30. Bd5 Qg4+ 31. Bf3 Qe6+ 32. Qe4 Qb3 33. cxd6
Qxb2+ 34. Kf1 exd6 35. Qxh4 Bg7 36. Nxd6 Bf6 37. Qg4 Kg7 38. Nf5+ Kh7 39. Kg2
Rh8 40. Bd5 Kg8 41. Qxg6+ Kf8 42. Qxf7# {Black checkmated} 1-0

[Event "Team 45 45 League T33"]
[Site "Internet Chess Club"]
[Date "2007.05.26"]
[Round "6"]
[White "andreip"]
[Black "siddhu"]
[Result "1-0"]
[WhiteElo "2000"]
[BlackElo "1824"]
[ECO "D00"]
[TimeControl "2700+45"]

1. d4 d5 2. Bf4 e6 3. e3 Bd6 4. Bxd6 Qxd6 5. Nf3 Nf6 6. Nbd2 O-O 7. Bd3 Nbd7 8.
c3 e5 9. dxe5 Nxe5 10. Nxe5 Qxe5 11. h3 Qg5 12. Qf3 Qh5 13. g4 Qe5 14. O-O-O Bd7
15. Qg2 c5 16. Rhg1 h6 17. Nf3 Qe6 18. Bf5 Qe7 19. Bxd7 Qxd7 20. g5 Ne4 21. gxh6
g6 22. h4 Qf5 23. Rh1 Kh7 24. Ng5+ Kxh6 25. Nxe4 dxe4 26. Qg5+ Qxg5 27. hxg5+
Kxg5 28. Rd5+ Kg4 29. Rg1+ Kf3 30. Rd2 {Black resigns} 1-0

[Event "Team 45 45 League T33"]
[Site "Internet Chess Club"]
[Date "2007.05.25"]
[Round "6"]
[White "BlackHorse"]
[Black "gezira"]
[Result "1-0"]
[WhiteElo "1781"]
[BlackElo "1843"]
[ECO "E98"]
[TimeControl "2700+45"]

1. d4 Nf6 2. c4 g6 3. Nc3 Bg7 4. e4 d6 5. Nf3 O-O 6. Be2 e5 7. O-O Nc6 8. d5 Ne7
9. Ne1 Nd7 10. Nd3 f5 11. Bd2 f4 12. Bg4 h5 13. Be6+ Kh7 14. b4 Nf6 15. Bxc8
Rxc8 16. c5 g5 17. Rc1 g4 18. f3 Ng6 19. Nb5 a6 20. Nc3 Ne8 21. a4 Rg8 22. Kh1
Qh4 23. b5 Bf8 24. c6 bxc6 25. dxc6 axb5 26. axb5 Ne7 27. Qb3 Nf6 28. Nb4 gxf3
29. Rxf3 Ng4 30. h3 Nf2+ 31. Kh2 Ng4+ 32. Kg1 Nf6 33. Be1 Qg5 34. Rc2 Qg6 35.
Qc4 Bh6 36. Qe6 Rce8 37. Qc4 Rg7 38. Bh4 Bg5 39. Be1 Reg8 40. Na6 Nc8 41. Na4
Nxe4 42. Nxc7 Rxc7 43. b6 Nxb6 44. Nxb6 Nc5 45. Ra2 Rxc6 46. Ra7+ Kh6 47. Qb5
Bd8 48. Rg3 Qe4 49. Rxg8 Qxe1+ 50. Kh2 Rxb6 51. Qe8 Qg3+ 52. Rxg3 fxg3+ 53. Kxg3
Rb3+ 54. Kh2 Bh4 55. Qf8+ {Black resigns} 1-0

[Event "Team 45 45 League T33"]
[Site "Internet Chess Club"]
[Date "2007.05.24"]
[Round "6"]
[White "Hazy"]
[Black "Zebbile"]
[Result "1-0"]
[WhiteElo "1919"]
[BlackElo "2064"]
[ECO "B07"]
[TimeControl "2700+45"]

1. e4 d6 2. d4 Nf6 3. Nc3 g6 4. f3 c6 5. Bg5 b5 6. Qd2 Nbd7 7. h4 h6 8. Be3 Bg7
9. Nh3 Nb6 10. Bd3 Bd7 11. Nf2 a5 12. O-O-O Qc7 13. f4 Ng4 14. Nxg4 Bxg4 15. Ne2
Nc4 16. Bxc4 bxc4 17. e5 dxe5 18. fxe5 c3 19. Nxc3 Bxd1 20. Qxd1 c5 21. Qf3 Rb8
22. e6 fxe6 23. Qe4 Qb7 24. Qxg6+ Kd7 25. b3 Rbg8 26. Ne4 Qd5 27. Nxc5+ Kc8 28.
Qxe6+ Qxe6 29. Nxe6 Bf6 30. Nf4 Rg4 31. h5 Bg5 32. Nd5 Bxe3+ 33. Nxe3 Rxd4 34.
Rd1 Rxd1+ 35. Kxd1 Rg8 36. g4 e6 37. Ke2 Kd7 38. Kf3 Rf8+ 39. Kg3 Kc6 40. g5
hxg5 41. Kg4 Rg8 42. h6 e5 43. Kh5 e4 44. h7 Rh8 45. Kg6 Kd6 46. Kg7 Ra8 47.
h8=Q Rxh8 48. Kxh8 Ke5 49. c4 Kf4 50. c5 Ke5 51. a3 Kf6 52. b4 Ke6 53. b5 Kd7
54. Kg7 Ke6 55. b6 Kd7 56. Kf6 Kc6 57. Kxg5 Kxc5 58. b7 Kd4 59. Kf4 {Black
resigns} 1-0

[Event "Team 45 45 League T33"]
[Site "Internet Chess Club"]
[Date "2007.05.28"]
[Round "6"]
[White "hewdondada"]
[Black "chiiwen"]
[Result "1/2-1/2"]
[WhiteElo "1827"]
[BlackElo "1939"]
[ECO "A85"]
[TimeControl "2700+45"]

1. d4 f5 2. c4 Nf6 3. Nc3 g6 4. h4 Bg7 5. h5 O-O 6. hxg6 hxg6 7. Bh6 Bxh6 8.
Rxh6 Kg7 9. Qd2 d6 10. Qg5 Qe8 11. Nf3 Ng4 12. Rh4 Be6 13. d5 Bd7 14. Nh2 Nxh2
15. Qh6+ Kf6 16. Rxh2 Na6 17. Qh4+ Kg7 18. Qd4+ Rf6 19. O-O-O c5 20. Qf4 Qg8 21.
Rd3 Raf8 22. Rdh3 Kf7 23. Rh7+ Ke8 24. Qe3 R6f7 25. Rxf7 Qxf7 26. Qg5 Qf6 27.
Qxf6 Rxf6 28. f4 Nc7 29. Rh8+ Rf8 30. Rxf8+ Kxf8 31. e3 e6 32. b3 exd5 33. Nxd5
Nxd5 34. cxd5 Kf7 35. a4 a5 36. Kd2 Kf6 37. Ke1 g5 38. g3 g4 39. Kd2 Ke7 40. Kc3
b6 41. Bd3 Kf7 42. Ba6 Ke7 43. Kc4 Kd8 44. Bb5 Bc8 45. Bc6 Ba6+ 46. Bb5 Bc8 47.
Kd3 Ke7 48. Kc3 Kf6 49. Bd3 Bd7 50. Kc4 Ke7 51. e4 fxe4 52. Bxe4 Kf6 53. Bd3 Ke7
54. Kc3 Kf6 55. Kd2 Bc8 56. Ke3 Bd7 57. Ba6 Bf5 58. Bd3 Bd7 {Game drawn by
mutual agreement} 1/2-1/2

[Event "Team 45 45 League T33"]
[Site "Internet Chess Club"]
[Date "2007.05.28"]
[Round "6"]
[White "fledermaus"]
[Black "chickenhead"]
[Result "1-0"]
[WhiteElo "1974"]
[BlackElo "1904"]
[ECO "E20"]
[TimeControl "2700+45"]

1. d4 e6 2. c4 Nf6 3. Nc3 b6 4. e4 Bb7 5. Bd3 Bb4 6. f3 d5 7. cxd5 exd5 8. Qa4+
Nc6 9. Bb5 Bxc3+ 10. bxc3 Qd7 11. e5 Ng8 12. Qc2 Nge7 13. Ne2 a5 14. O-O Ba6 15.
Bxa6 Rxa6 16. Ng3 O-O 17. f4 Qg4 18. Qd3 Raa8 19. f5 f6 20. h3 {Black resigns}
1-0

[Event "Team 45 45 League T33"]
[Site "Internet Chess Club"]
[Date "2007.05.27"]
[Round "6"]
[White "Nosferatu1"]
[Black "Grenadier"]
[Result "0-1"]
[WhiteElo "1789"]
[BlackElo "1840"]
[ECO "D13"]
[TimeControl "2700+45"]

1. d4 d5 2. c4 c6 3. cxd5 cxd5 4. Nc3 Nf6 5. Nf3 e6 6. Bf4 Bb4 7. e3 O-O 8. Bd3
Nbd7 9. a3 Be7 10. h3 b6 11. O-O Bb7 12. Rc1 a6 13. Qe2 b5 14. e4 dxe4 15. Nxe4
Nxe4 16. Bxe4 Bxe4 17. Qxe4 Nf6 18. Qb7 Nd5 19. Bg3 Qb6 20. Qc6 Qxc6 21. Rxc6 a5
22. Rfc1 a4 23. Ne5 b4 24. axb4 Bxb4 25. Nd7 Rfd8 26. Nc5 a3 27. bxa3 Rxa3 28.
Nb7 Re8 29. Nd6 Bxd6 30. Bxd6 Raa8 31. R6c2 h5 32. g3 Red8 33. Bc5 g5 34. Kg2
Kg7 35. Rb1 Kg6 36. Rb7 Ra1 37. Rcb2 Rda8 38. Rd7 Nf6 39. Re7 R8a2 40. Reb7 g4
41. R7b3 Ne4 42. Be7 gxh3+ 43. Kxh3 Nxf2+ 44. Kg2 Nd1 45. Rxa2 Rxa2+ 46. Kf1 Nb2
47. Bc5 Kf5 48. Bd6 Ke4 49. Be5 Nd3 50. Bf6 Rf2+ 51. Kg1 Rxf6 52. Kh2 Kxd4 53.
Kh3 Ke3 54. Kh4 Rf5 55. g4 hxg4 56. Kxg4 Rf1 57. Kg3 f5 58. Kg2 Rd1 59. Rb6 e5
60. Re6 f4 61. Kh3 f3 62. Kh2 f2 63. Re7 f1=Q 64. Rg7 Qh1+ 65. Kg3 Rg1# {White
checkmated} 0-1

[Event "Team 45 45 League T33"]
[Site "Internet Chess Club"]
[Date "2007.05.26"]
[Round "6"]
[White "Wheels"]
[Black "John3v16"]
[Result "0-1"]
[WhiteElo "1779"]
[BlackElo "1887"]
[ECO "B23"]
[TimeControl "2700+45"]

1. e4 c5 2. Nc3 d6 3. f4 g6 4. Nf3 Bg7 5. Bb5+ Bd7 6. Bxd7+ Qxd7 7. O-O Nc6 8.
d3 e6 9. Bd2 Nd4 10. Nxd4 Bxd4+ 11. Kh1 Ne7 12. Qe1 O-O 13. Be3 Nc6 14. Rf3 d5
15. exd5 exd5 16. Qh4 Bxe3 17. Rxe3 d4 18. Rh3 f5 19. Ne2 Rae8 20. Ng1 Qe7 21.
Qh6 Rf7 22. Rf1 Nb4 23. Rff3 Nxc2 24. Rfg3 Rg7 25. Qg5 Qxg5 26. Rxg5 Re1 27. Rf3
Rge7 28. Rf2 Nb4 29. Rg3 Ra1 30. Rgf3 Ree1 {White resigns} 0-1

[Event "Team 45 45 League T33"]
[Site "Internet Chess Club"]
[Date "2007.05.27"]
[Round "6"]
[White "Ingo"]
[Black "jlowe"]
[Result "1/2-1/2"]
[WhiteElo "1731"]
[BlackElo "1661"]
[ECO "B13"]
[TimeControl "2700+45"]

1. e4 c6 2. d4 d5 3. exd5 cxd5 4. c4 Nf6 5. Nc3 Nc6 6. Nf3 Bg4 7. Be3 e6 8. c5
Be7 9. Be2 O-O 10. O-O b6 11. a3 bxc5 12. dxc5 e5 13. Bg5 d4 14. Na4 Qc7 15. Re1
e4 16. Nxd4 Nxd4 17. Bxg4 Nxg4 18. Qxg4 Bxg5 19. Qxg5 Nc2 20. Rac1 Nxe1 21. Rxe1
f5 22. b4 Rad8 23. Nc3 a6 24. Ne2 Qc6 25. Ng3 Qf6 26. Qxf6 Rxf6 27. h3 g6 28.
Rc1 Rc6 29. Ne2 Rd2 30. Nf4 Kf7 31. a4 Rb2 32. Rc4 Kf6 33. Nd5+ Ke5 34. Nc3 Rd2
35. b5 axb5 36. axb5 Rc8 37. b6 Rb2 38. Na4 Rb1+ 39. Kh2 Kd5 40. Rc2 Rb4 41.
Nc3+ Kd4 42. Na4 Rxa4 43. b7 Rb8 44. c6 Rb4 45. c7 R4xb7 46. cxb8=Q Rxb8 47. Rc7
f4 48. Rxh7 e3 49. Rd7+ Kc3 50. Rc7+ Kd2 51. Rd7+ Ke1 52. fxe3 fxe3 53. Kg3 Rf8
54. Ra7 Rd8 55. Ra6 e2 56. Rxg6 Kd2 57. Re6 e1=Q+ 58. Rxe1 Kxe1 59. Kf4 Rd4+ 60.
Kf5 Kf2 61. g4 Kg3 62. g5 Rf4+ 63. Ke6 Kxh3 64. g6 Rg4 65. Kf7 Rf4+ 66. Ke6
{Game drawn by mutual agreement} 1/2-1/2

[Event "Team 45 45 League T33"]
[Site "Internet Chess Club"]
[Date "2007.05.27"]
[Round "6"]
[White "OrangeKing"]
[Black "xenocide"]
[Result "1/2-1/2"]
[WhiteElo "1811"]
[BlackElo "1810"]
[ECO "A04"]
[TimeControl "2700+45"]

1. Nf3 c6 2. g3 d5 3. Bg2 Nf6 4. O-O Bg4 5. d4 Nbd7 6. Nbd2 e6 7. c4 Qc7 8. Re1
Be7 9. e4 dxe4 10. Nxe4 O-O 11. Qc2 Bf5 12. Nxf6+ Bxf6 13. Qb3 Nb6 14. Bf4 Qd7
15. Rad1 Rad8 16. Ne5 Qc8 17. a4 g5 18. Be3 Nd7 19. Nf3 g4 20. Ng5 Bg7 21. Ne4
Nf6 22. Nxf6+ Bxf6 23. d5 cxd5 24. cxd5 exd5 25. Bxd5 b6 26. Bh6 Bg7 27. Bxg7
Kxg7 28. Re7 Bc2 29. Qe3 Qf5 30. Re5 Qf6 31. Rg5+ Kh8 32. Rd4 Bb3 33. Qd2 Bxd5
34. Rgxd5 Rxd5 35. Rxd5 Re8 36. Rd7 Qf5 37. Qd4+ Kg8 38. Rd8 Rxd8 39. Qxd8+ Kg7
40. Qd4+ {Game drawn by mutual agreement} 1/2-1/2